 Dungeon Crawl Stone Soup version 0.29-a0-103-g37f86683bf (webtiles) character file.

Game seed: 12895370011225504469

809 cyrus the Covered (level 7, 0/38 HPs)
             Began as a Vine Stalker Fighter on Feb 15, 2022.
             Was an Initiate of Yredelemnul.
             Slain by a gnoll (3 damage)
             ... on level 5 of the Dungeon.
             The game lasted 00:14:18 (5431 turns).

cyrus the Covered (Vine Stalker Fighter)            Turns: 5431, Time: 00:14:19

Health: 0/38       AC: 12    Str: 19    XL:     7   Next: 92%
Magic:  0/8        EV:  7    Int: 10    God:    Yredelemnul [......]
Gold:   356        SH:  0    Dex: 13    Spells: 6/6 levels left

rFire   . . .      SeeInvis .   s - +3 quarterstaff (chaos)
rCold   . . .      Faith    .   (shield currently unavailable)
rNeg    . . .      Spirit   +   h - +0 chain mail
rPois   .          Reflect  .   (no helmet)
rElec   .          Harm     .   r - +0 cloak
rCorr   .          Rampage  .   g - +0 pair of gloves
Will    .....                   (no boots)
Stlth   ..........              (no amulet)
HPRegen 0.92/turn               (no ring)
MPRegen 0.11/turn               (no ring)

@: no status effects
A: fangs 2, regeneration 1, magic shield, antimagic bite, no potion heal 2
a: Renounce Religion, Recall Undead Harvest


You were on level 5 of the Dungeon.
You worshipped Yredelemnul.
Yredelemnul was noncommittal.
You visited 1 branch of the dungeon, and saw 5 of its levels.

You collected 356 gold pieces.

Inventory:

Hand Weapons
 a - a +0 trident
 s - a +3 quarterstaff of chaos (weapon)
Armour
 b - a +0 scale mail
 c - a +0 buckler
 d - a +0 cloak
 g - a +0 pair of gloves (worn)
 h - a +0 chain mail (worn)
 r - a +0 cloak (worn)
Jewellery
 B - a +4 ring of evasion
Wands
 k - a wand of charming (6)
 C - a wand of iceblast (8)
Scrolls
 e - 2 scrolls of fog
 f - a scroll of silence
 j - a scroll of blinking {unknown}
 m - a scroll of amnesia {unknown}
 n - a scroll of magic mapping
 o - a scroll of enchant weapon {unknown}
 w - 2 scrolls of identify {unknown}
 y - a scroll of brand weapon {unknown}
 z - a scroll of torment {unknown}
 A - 3 scrolls of teleportation {unknown}
Potions
 i - 3 potions of heal wounds {unknown}
 l - 2 potions of haste {unknown}
 p - 2 potions of resistance {unknown}
 q - 2 potions of curing {unknown}
 t - a potion of cancellation {unknown}
 u - 2 potions of lignification {unknown}
 v - a potion of magic {unknown}
 x - a potion of degeneration {unknown}


   Skills:
 + Level 4.3 Fighting
 + Level 3.7(4.4) Polearms
 + Level 3.6(4.4) Staves
 + Level 4.4 Armour
 + Level 0.2 Dodging
 + Level 3.4 Shields


You had 6 spell levels left.
You didn't know any spells.
Your spell library contained the following spells:

 Spells                   Type           Power      Damage    Failure   Level
 Freeze                   Ice            0%         1d3       99%         1
 Blink                    Tloc           0%         N/A       99%         2
 Scorch                   Fire           0%         2d5       99%         2
 Frozen Ramparts          Ice            0%         1d2       100%        3
 Inner Flame              Hex/Fire       0%         N/A       100%        3
 Cause Fear               Hex            0%         N/A       100%        4
 Flame Wave               Conj/Fire      0%         2d4       100%        4
 Hailstorm                Conj/Ice       0%         3d3       100%        4
 Manifold Assault         Tloc           0%         N/A       100%        5
 Summon Cactus Giant      Summ           0%         N/A       100%        6
 Storm Form               Tmut/Air       0%         N/A       100%        7
 Discord                  Hex            0%         N/A       100%        8


Dungeon Overview and Level Annotations

Branches:
Dungeon (5/15)
 Temple: D:4-7

Altars:
Elyvilon
Fedhas
Yredelemnul

Shops:
D:5 :=


Innate Abilities, Weirdness & Mutations

You have extremely sharp teeth.
Your natural rate of healing is unusually fast.
When hurt, damage is shared between your health and your magic reserves.
Your bite disrupts and absorbs the magic of your enemies.
Potions cannot restore your health.


Message History

Aim: a gnoll, wielding a +0 halberd That beam is likely to hit you.
Continue anyway?
Okay, then.
You sock the black bear! You burn the black bear. You bite the black bear.
You drain its power.
You feel invigorated.
The black bear is heavily wounded.
The gnoll hits you from afar with a +0 halberd.
* * * LOW HITPOINT WARNING * * *
The black bear completely misses you.
The black bear claws you but does no damage. x2
You closely miss the black bear. Your bite misses the black bear.
The black bear is heavily wounded.
The gnoll barely misses you. The black bear barely misses you.
The black bear claws you but does no damage.
The black bear barely misses you.
You hit the black bear.
The black bear is severely wounded.
The black bear bites you.
* * * LOW HITPOINT WARNING * * *
The black bear claws you but does no damage. x2
The gnoll barely misses you.
Unknown command.
The black bear goes berserk!
The black bear barely misses you.
The black bear claws you but does no damage. x2
The gnoll hits you from afar with a +0 halberd.
* * * LOW HITPOINT WARNING * * *
The black bear closely misses you.
The black bear claws you but does no damage.
The black bear barely misses you. The black bear barely misses you.
The black bear claws you but does no damage.
The black bear closely misses you. The black bear bites you!
* * * LOW HITPOINT WARNING * * *
The black bear claws you but does no damage.
The black bear barely misses you.
The gnoll hits you from afar with a +0 halberd.
You die...
Your body rises from the dead as a mindless zombie.

#§§...... #.)#
Z.§.##### ##)#
..≈.....# #.##
..≈.#._.# ##.#
..≈.#....
##..### #.≈.#
### #.....#
#.≈...§§
##g<.#..#
#..≈≈§§§§≈
##.h.###..#
#......§...
##.@.## #..#
######....#
##...## ##.. ##
#...###...## .
.# #...##...##
.#######......##
.8.<.∩.8.....##
.## ####..(.##
.# ##..## .#
###.##


You could see a black bear (berserk) and a gnoll.

Vanquished Creatures
  A necrophage (D:4)
  An ogre (D:5)
  A phantom (D:5)
  3 hounds
  Crazy Yiuf (D:3)
  A gnoll shaman (D:5)
  2 iguanas (D:5)
  An orc wizard (D:5)
  3 gnolls (D:5)
  7 adders
  An adder skeleton (D:4)
  2 worms (D:3)
  A dart slug (D:1)
  7 orcs
  4 endoplasms
  3 giant cockroaches
  9 goblins
  8 hobgoblins
  5 jackals
  3 quokkas (D:1)
  9 ball pythons
  9 bats
  A frilled lizard (D:2)
  6 kobolds
  6 rats
  2 bushes (D:4)
97 creatures vanquished.

Vanquished Creatures (collateral kills)
  2 orc priests (D:5)
  An adder (D:3)
  An ufetubus (D:4)
  A ball python (D:4)
  A goblin (D:4)
6 creatures vanquished.

Vanquished Creatures (others)
  A hound zombie (D:5)
  2 iguana zombies (D:5)
  An orc zombie (D:5)
  A goblin zombie (D:4)
  A jackal zombie (D:4)
  2 fungi (D:3)
  2 withered plants (D:3)
10 creatures vanquished.

Grand Total: 113 creatures vanquished

Notes
Turn   | Place    | Note
-------+----------+-------------------------------------------
     0 | D:1      | cyrus the Vine Stalker Fighter began the quest for the Orb.
     0 | D:1      | Reached XP level 1. HP: 11/11 MP: 2/2
   263 | D:1      | Reached XP level 2. HP: 15/16 MP: 3/3
  1349 | D:1      | Reached XP level 3. HP: 16/20 MP: 4/4
  3215 | D:3      | Gained mutation: Your natural rate of healing is unusually
                  | fast. [Vine Stalker growth]
  3215 | D:3      | Reached XP level 4. HP: 18/24 MP: 5/5
  3490 | D:3      | Found a runed translucent door.
  3491 | D:3      | Noticed Crazy Yiuf
  3499 | D:3      | Killed Crazy Yiuf
  3500 | D:3      | Reached XP level 5. HP: 16/28 MP: 2/6
  3621 | D:3      | Found a basalt altar of Yredelemnul.
  3642 | D:3      | Became a worshipper of Yredelemnul the Dark
  3872 | D:3      | Reached * piety under Yredelemnul
  3934 | D:3      | Identified the +2 leather armour "Saxtoxuo" {+Inv Regen+
                  | Stlth+}
  4106 | D:4      | Found a white marble altar of Elyvilon.
  4286 | D:4      | Noticed a necrophage
  4297 | D:4      | Killed a necrophage
  4298 | D:4      | Reached skill level 1 in Staves
  4298 | D:4      | Reached XP level 6. HP: 22/32 MP: 4/7
  4597 | D:4      | Reached ** piety under Yredelemnul
  4942 | D:5      | Entered Level 5 of the Dungeon
  4978 | D:5      | Reached XP level 7. HP: 21/37 MP: 3/8
  5069 | D:5      | Found a blossoming altar of Fedhas.
  5163 | D:5      | Found Vanuobbusch's Book Shoppe.
  5375 | D:5      | Found Adwapt's Jewellery Shoppe.
  5431 | D:5      | Slain by a gnoll

Illustrated notes

Levels and vault maps discovered:
D:1:      giann_horns, layout_basic, minmay_pentomino_w4
D:2:      layout_basic, roderic_roman_lattice
D:3:      layout_loops_ring, yredelemnul_altar_generic, uniq_crazy_yiuf_cottage
D:4:      layout_gridville, elyvilon_altar_1, grunt_tough_drop
D:5:      layout_cave_pods, mainiacjoe_overflow_brackets, serial_glass,
          glass_columns_b, glass_columns_a, serial_shops, nicolae_shop_trees,
          shop_statue

Skill      XL: |  1  2  3  4  5  6  7 |
---------------+----------------------+-----
Polearms       | 2 3 |  3.7
Fighting       | 3 4 |  4.3
Shields        | 3 |  3.4
Armour         | 3 4 |  4.4
Staves         | 1 2 3 |  3.6
Dodging        | |  0.2

Action                   |  1- 3 |  4- 6 |  7- 9 || total
-------------------------+-------+-------+-------++-------
Melee: Trident           |   135 |    23 |       ||   158
       Bite              |    27 |    61 |     9 ||    97
       Quarterstaff      |       |   168 |    50 ||   218
Invok: Recall Undead Har |       |     1 |       ||     1
Evoke: Wand              |       |       |     2 ||     2
  Use: Scroll            |     2 |     1 |     1 ||     4
       Potion            |       |     3 |       ||     3
 Stab: Distracted        |       |       |     1 ||     1
Armor: Scale mail        |    60 |       |       ||    60
       Chain mail        |    63 |    83 |    57 ||   203
Dodge: Dodged            |    94 |    55 |    28 ||   177
Block: Buckler           |    56 |     5 |       ||    61

Table legend: (Time is in decaauts)
 A = Elapsed time spent in this place.
 B = Non-inter-level travel time spent in this place.
 C = Inter-level travel time spent in this place.
 D = Time resting spent in this place.
 E = Time spent auto-exploring this place.
 F = Levels seen in this place.
 G = Mean time per level.
                   A        B        C        D        E       F      G
               +--------+--------+--------+--------+--------+-----+--------+
         Total |   5503 |   5436 |     67 |   1303 |   2777 |   5 | 1100.6 |
       Dungeon |   5503 |   5436 |     67 |   1303 |   2777 |   5 | 1100.6 |
               +--------+--------+--------+--------+--------+-----+--------+

Top non-repeatable levels by time:
     D:1: 2404 daAuts
     D:3: 913 daAuts
     D:4: 871 daAuts
     D:2: 818 daAuts
     D:5: 494 daAuts
